cohdb
Replays
Latest Replays
All Replays
Popular Replays
Top Player Replays
Match Explorer
How It Works
Community
CoH3 Stats
Reddit
Sign in to upload your games and track your stats! →
Sign in with Steam
Match 47255051
Unlisted
Match 47255051
Overview
Messages
Build Orders
End
Royal Engineer Section
Construct Section Command Post
Construct Section Command Post
Selects Heavy Armor Battlegroup
Infantry Section
Dingo Light Scout Car
Infantry Section
Grenade Package
Construct Platoon Command Post
Humber Armored Car
Construct Field Infirmary
Selects Light Vehicle Withdraw and Refit
Selects Rigorous Vehicle Training
Infantry Section
6-pounder Anti-tank Gun Team
Light Vehicle Withdraw and Refit
Construct Company Command Post
Crusader II Medium Tank
Foot Guards Section
Selects Forward Repair Assembly
Selects UNKNOWN (2162094)
Selects Radio Net
Selects Recon Artillery
Recon Artillery
Churchill IV Heavy Tank
Thank You Chef
Colod
0
0
Comments
sign in to comment!
No comments posted yet!